 Dungeon Crawl Stone Soup version 0.30-b1-2-g02819fbbbe (webtiles) character file.

Game seed: 15881220484954278236

744 nicanaca0 the Basher (level 7, -12/44 HPs)
             Began as a Gargoyle Berserker on Jan 17, 2024.
             Was a Believer of Trog.
             Mangled by an ogre
             ... wielding a +0 giant spiked club
              (15 damage)
             ... on level 4 of the Dungeon.
             The game lasted 00:09:29 (3560 turns).

nicanaca0 the Basher (Gargoyle Berserker)           Turns: 3560, Time: 00:09:29

Health: -12/44     AC: 16    Str: 21    XL:     7   Next: 76%
Magic:  7/7        EV:  8    Int:  9    God:    Trog [**....]
Gold:   243        SH:  2    Dex:  9    Spells: 6/6 levels left

rFire   . . .        n - +0 war axe
rCold   + . .        o - +0 buckler
rNeg    + . .        e - +2 chain mail {rC+}
rPois   ∞            (no helmet)
rElec   +            (no cloak)
rCorr   .            j - +0 pair of gloves
SInv    .            (no boots)
Will    .....        (no amulet) Stlth
                     (no ring)
HPRegen 0.27/turn    (no ring)
MPRegen 0.10/turn

%: no passive effects
@: no status effects
A: sickness immunity, AC +4, negative energy resistance 1, electricity
resistance, torment resistance 1, petrification resistance
a: Renounce Religion, Berserk, Trog's Hand


You were on level 4 of the Dungeon.
You worshipped Trog.
Trog was pleased with you.
You visited 1 branch of the dungeon, and saw 4 of its levels.

You collected 243 gold pieces.

Inventory:

Hand Weapons
 a - a +0 mace
 k - a +3 sling
 n - a +0 war axe (weapon)
 D - a +1 dire flail of protection
Missiles
 x - 2 boomerangs (quivered)
 z - 12 stones
 A - 3 poisoned darts
Armour
 b - a +0 animal skin
 e - a +2 chain mail of cold resistance (worn)
 h - an orb of wrath
 j - a +0 pair of gloves (worn)
 o - a +0 buckler (worn)
 y - the +6 chain mail of Isesam {rC+ rCorr Int-3 Dex+2}
   (You found it on level 3 of the Dungeon)

   Int:       It affects your intelligence (-3).
   Dex:       It affects your dexterity (+2).
   rC:        It protects you from cold.
   rCorr:     It protects you from acid and corrosion.
 E - a +3 leather armour of fire resistance
Jewellery
 C - a +6 ring of strength
Wands
 p - a wand of charming (9)
 r - a wand of flame (24)
Scrolls
 d - 2 scrolls of noise {unknown}
 g - 3 scrolls of teleportation {unknown}
 i - 2 scrolls of identify {unknown}
 t - a scroll of poison {unknown}
 u - a scroll of vulnerability {unknown}
 w - 3 scrolls of immolation {unknown}
Potions
 c - 2 potions of curing {unknown}
 f - a potion of flight {unknown}
 l - a potion of lignification {unknown}
 m - 2 potions of mutation {unknown}
 q - a potion of haste {unknown}
 s - 2 potions of cancellation {unknown}
 v - a potion of heal wounds {unknown}
 B - a potion of brilliance {unknown}


   Skills:
 + Level 4.9 Fighting
 * Level 8.2 Maces & Flails
 - Level 2.1 Armour
 - Level 1.5 Dodging


You had 6 spell levels left.
You didn't know any spells.
Your spell library was empty.

Dungeon Overview and Level Annotations

Branches:
Dungeon (4/15)             Temple (0/1) D:4

Altars:
Wu Jian

Shops:
D:1 *?!((


Innate Abilities, Weirdness & Mutations

You are immune to sickness and miasma.
Your stone body is resilient. (AC +4)
You are immune to poison.
You resist negative energy. (rN+)
You are resistant to electric shocks. (rElec)
You are resistant to unholy torment.
You are immune to petrification.


Message History

An ogre is nearby!
You throw a boomerang. The ogre shouts!
The boomerang hits the ogre.
The ogre is moderately wounded.
An ogre is nearby!
You throw a boomerang. The boomerang hits the ogre.
The ogre is moderately wounded.
An ogre is nearby!
You throw a boomerang. The boomerang barely misses the ogre.
An ogre is nearby!
You throw a boomerang. The boomerang hits the ogre.
The ogre is heavily wounded.
The ogre hits you with a +0 giant spiked club!!
Ouch! That really hurt!
An ogre is nearby!
Aiming: Charm
Press: ? - help, Shift-Dir - straight line, f/p - ogre
Aim: an ogre, wielding a +0 giant spiked club (moderately wounded, chance to affect: 49%)
The ogre resists with some effort.
The ogre attacks as you move away! The ogre closely misses you.
The ogre attacks as you move away!
The ogre hits you with a +0 giant spiked club.
* * * LOW HITPOINT WARNING * * *
You see here a +0 spear.
The ogre barely misses you.
You hit the ogre.
The ogre is heavily wounded.
The ogre barely misses you.
You barely miss the ogre.
The ogre is heavily wounded.
The ogre hits you with a +0 giant spiked club!!
* * * LOW HITPOINT WARNING * * *
You slash the ogre!
The ogre is almost dead.
The ogre hits you but does no damage.
You barely miss the ogre.
The ogre is almost dead.
The ogre hits you with a +0 giant spiked club!
You die...

#...#...##.#########...#.........
#..........#.................#...
#..##...####.#######.#.#...#.##.#
#..###.## #.# #...##.##..... #..#
#.# #.# #.#.......#### #..# #.#
#.# #.##......#### #..###.#####.#
#.#........<..
#...##.......###########.########
#.........###..O@[.# .#.#
##.######.# #.#######~~###l #.#
#.# #.# #.~~~~..~ ### #.# #.# #.#
###~. ### .~##.. #.######.# #.#
##.#.. #.# .~#..# #........# #)#
#..#. #.# ~#..#
#######..###.###.## ##.#
#...........# #.# ##
##.###.###### . #.#


You could see an ogre.

Vanquished Creatures
  Menkaure (D:4)
  Edmund (D:4)
  A sky beast (D:4)
  2 scorpions (D:4)
  3 orc priests
  Jessica (D:2)
  Natasha (twice) (D:2)
  An iguana (D:4)
  An orc wizard (D:4)
  4 adders
  5 dart slugs
  6 orcs
  6 ball pythons
  2 bats
  A bat skeleton (D:2)
  5 endoplasms
  5 giant cockroaches
  12 goblins
  5 hobgoblins
  2 quokkas (D:1)
  7 frilled lizards
  7 kobolds
  A rat (D:3)
81 creatures vanquished.

Vanquished Creatures (others)
  11 fungi (D:4)
  2 withered plants (D:2)
13 creatures vanquished.

Grand Total: 94 creatures vanquished

Notes
Turn   | Place    | Note
-------+----------+-------------------------------------------
     0 | D:1      | nicanaca0 the Gargoyle Berserker began the quest for the
                  | Orb.
     0 | D:1      | Reached XP level 1. HP: 14/14 MP: 1/1
    51 | D:1      | Found Joahom's Assorted Antiques.
   204 | D:1      | Found Gile's Magic Scroll Shop.
   229 | D:1      | Reached XP level 2. HP: 19/19 MP: 2/2
   233 | D:1      | Found Baeskod's Weapon Emporium.
   288 | D:1      | Found Porch's Weapon Emporium.
   519 | D:1      | Reached skill level 4 in Maces & Flails
   572 | D:1      | Found Diyst's Distillery.
   666 | D:1      | Reached ** piety under Trog
   667 | D:1      | Reached XP level 3. HP: 23/23 MP: 3/3
   813 | D:2      | Noticed Natasha
   843 | D:2      | Killed Natasha
   847 | D:2      | Reached XP level 4. HP: 28/28 MP: 4/4
   939 | D:2      | Noticed Natasha
   944 | D:2      | Killed Natasha
   945 | D:2      | Reached skill level 5 in Maces & Flails
  1307 | D:2      | Noticed Jessica
  1319 | D:2      | Killed Jessica
  1320 | D:2      | Reached XP level 5. HP: 32/32 MP: 5/5
  1758 | D:3      | Reached skill level 6 in Maces & Flails
  1873 | D:3      | Identified the +6 chain mail of Isesam {rC+ rCorr Int-3
                  | Dex+2}
  2061 | D:3      | Found a faded altar of an unknown god.
  2193 | D:3      | Found an ornate altar of the Wu Jian Council.
  2664 | D:4      | Reached XP level 6. HP: 37/37 MP: 6/6
  2791 | D:4      | Noticed a sky beast
  2807 | D:4      | Killed a sky beast
  2808 | D:4      | Reached skill level 7 in Maces & Flails
  3017 | D:4      | Found a staircase to the Ecumenical Temple.
  3326 | D:4      | Reached XP level 7. HP: 38/43 MP: 7/7
  3353 | D:4      | Noticed Edmund
  3366 | D:4      | Killed Edmund
  3457 | D:4      | Noticed Menkaure
  3465 | D:4      | Killed Menkaure
  3466 | D:4      | Reached skill level 8 in Maces & Flails
  3560 | D:4      | Mangled by an ogre

Illustrated notes

Levels and vault maps discovered:
D:1:      ebering_trefoil_3fold, layout_rooms, serial_shops, shop, shop,
          nicolae_lakefront_shop, nicolae_lakefront_shop, nicolae_diamond_shop,
          nicolae_kite_square_tiling_tiny, roderic_cross_of_infinity,
          minmay_misc_feat_doors
D:2:      kennysheep_the_goblin_king, layout_loops_ring, serial_undead,
          serial_undead_d, serial_undead_b, serial_undead_b, serial_undead_d,
          minivault_25, uniq_jessica, uniq_natasha
D:3:      layout_basic, lemuel_coloured_pillars_altar, portal_sewer_entry_d,
          ebering_ecumenical_altar_petrified
D:4:      layout_loops_ring, minmay_temple_entry_glassed_door, serial_aquarium,
          aquarium_bridge_straight [aquarium_subvault_bridge,
          aquarium_subvault_window, aquarium_subvault_bridge,
          aquarium_subvault_window], aquarium_bridge_square
          [aquarium_subvault_wall, aquarium_subvault_bridge,
          aquarium_subvault_wall, aquarium_subvault_balcony],
          aquarium_window_fake, aquarium_window_corridor_1,
          aquarium_window_corner, aquarium_view_2e, aquarium_pool_corner,
          hangedman_decor_clover_reticule, grunt_ministairs_4,
          kennysheep_windowed_goal, uniq_edmund, uniq_menkaure

Skill      XL: |  1  2  3  4  5  6  7 |
---------------+----------------------+-----
Maces & Flails | 4 5 6 7 8 |  8.2
Fighting       | 4 |  4.9
Armour         | |  2.1
Dodging        | |  1.5

Action                     |  1- 3 |  4- 6 |  7- 9 || total
---------------------------+-------+-------+-------++-------
  Melee: Mace              |    91 |    37 |       ||   128
         Punch             |     1 |       |       ||     1
         War axe           |       |    99 |    18 ||   117
  Throw: Boomerang         |       |    35 |    15 ||    50
         Stone             |       |     1 |       ||     1
 Invoke: Berserk           |     1 |     3 |     1 ||     5
         Trog's Hand       |     1 |     1 |     1 ||     3
  Evoke: Wand              |       |       |     3 ||     3
 Armour: Animal skin       |    12 |       |       ||    12
         Chain mail        |    47 |   102 |     6 ||   155
  Dodge: Dodged            |    40 |    73 |     7 ||   120
  Block: Buckler           |       |    11 |     2 ||    13
